 Dungeon Crawl Stone Soup version 0.19.0-22-gd96e5fe (webtiles) character file.

111 joejoepie the Skirmisher (level 5, 0/42 HPs)
             Began as a Formicid Abyssal Knight on Nov 17, 2016.
             Was a Follower of Lugonu.
             Succumbed to a water moccasin's poison
             ... on level 10 of the Dungeon on Nov 18, 2016.
             The game lasted 00:34:43 (2957 turns).

joejoepie the Skirmisher (Formicid Abyssal Knight)  Turns: 2957, Time: 00:34:43

Health: 0/42       AC: 12    Str: 21    XL:     5   Next: 15%
Magic:  6/6        EV:  6    Int: 12    God:    Lugonu [*.....]
Gold:   95         SH:  0    Dex: 11    Spells: 0 memorised, 4 levels left

rFire  . . .     SeeInvis +     p - +1 dagger (flame)
rCold  . . .     Gourm    .     m - +1 plate armour
rNeg   . . .     Faith    .     (no shield)
rPois  +         Spirit   .     (helmet unavailable)
rElec  .         Reflect  .     (no cloak)
rCorr  .         Harm     .     (no gloves)
MR     .....                    (no boots)
Stlth  ..........               (no amulet)
                                (no ring)
                                s - ring of poison resistance

@: mighty, lethally poisoned (0 -> -8)
A: permanent stasis, dig shafts and tunnels, four strong arms, antennae 3
a: Dig, Shaft Self, Depart the Abyss, Renounce Religion


You were on level 10 of the Dungeon.
You worshipped Lugonu.
Lugonu was aware of your devotion.
You were not hungry.

You visited 1 branch of the dungeon, and saw 9 of its levels.
You visited the Abyss 1 time.

You collected 95 gold pieces.

Inventory:

Hand Weapons
 a - a +1 spear
 g - a +0 spear
 p - a +1 dagger of flaming (weapon)
 q - a +1 whip of pain
Missiles
 f - 12 poisoned needles
 j - 17 stones (quivered)
 l - 29 sling bullets
Armour
 b - a +0 leather armour
 c - a +0 helmet
 d - a +0 chain mail
 h - a +0 scale mail
 i - a +0 ring mail
 m - a +1 plate armour (worn)
Jewellery
 s - a ring of poison resistance (left hand)
Wands
 o - a wand of enslavement (8/24)
Scrolls
 e - 2 scrolls of teleportation
 t - a scroll of silence
Potions
 k - a potion of might
 r - 2 potions of resistance {unknown}


   Skills:
 + Level 4.2 Fighting
 + Level 0.8 Short Blades
 + Level 2.8 Polearms
 + Level 3.4 Armour
 + Level 1.3 Dodging
 + Level 2.4 Invocations


You had 4 spell levels left.
You didn't know any spells.

Dungeon Overview and Level Annotations

Branches:
Dungeon (10/15)
 Temple: D:4-7         Lair: D:8-11         Orc: D:9-12

Altars:
Okawaru


Innate Abilities, Weirdness & Mutations

You are under a permanent stasis effect.
You can dig through walls and to a lower floor.
Your four strong arms can wield two-handed weapons with a shield.
You have a pair of large antennae on your head. (SInv)


Message History

You hit the water moccasin. You burn the water moccasin.
The water moccasin is severely wounded.
The water moccasin bites you.
* * * LOW HITPOINT WARNING * * *
The water moccasin bites you.
* * * LOW HITPOINT WARNING * * *
You are lethally poisoned!
The water moccasin poisons you!
You are too injured to fight recklessly!
You are too injured to fight recklessly!
You are too injured to fight recklessly!
You are too injured to fight recklessly!
You are too injured to fight recklessly!
* * * LOW HITPOINT WARNING * * *
You feel sick.
Found 4 gold pieces.
* * * LOW HITPOINT WARNING * * *
You feel sick.
The water moccasin bites you but does no damage.
You die...

................
........<.(.....
................
.....?..........
.......%........
................
#......S........
##..............
##....@........
#...........#..
#...........###.
...........##
./.....)..##
.........$.
............
.............


You could see a water moccasin.

Vanquished Creatures
  4 adders
  A shadow imp (D:5)
  An ooze (D:1)
  3 dart slugs (D:1)
  An orc (D:4)
  A giant cockroach (D:3)
  6 goblins
  10 hobgoblins
  8 jackals
  A quokka (D:8)
  A ball python (D:1)
  A bat (D:1)
  3 frilled lizards (D:1)
  7 kobolds
  6 rats (D:1)
54 creatures vanquished.

Vanquished Creatures (others)
  A plant (D:8)
1 creature vanquished.

Grand Total: 55 creatures vanquished

Notes
Turn   | Place    | Note
-------+----------+-------------------------------------------
     0 | Abyss:1  | joejoepie the Formicid Abyssal Knight began the quest for the Orb.
     0 | Abyss:1  | Reached XP level 1. HP: 18/18 MP: 2/2
    33 | Abyss:1  | Found a blossoming altar of Fedhas.
    43 | D:1      | Escaped the Abyss
    43 | D:1      | Noticed a naga
    43 | D:1      | Noticed a felid
    45 | D:1      | Noticed a vampire
    56 | D:1      | Noticed an elf
    58 | D:1      | Noticed a spriggan
    60 | D:1      | Noticed a vine stalker
    61 | D:1      | Noticed a human
    63 | D:1      | Noticed a naga
    63 | D:1      | Noticed a human
    67 | D:1      | Noticed a ghoul
    69 | D:1      | Noticed an octopode
    71 | D:1      | Noticed a vampire
    71 | D:1      | Noticed a ghoul
    73 | D:1      | Noticed an ogre
   276 | D:1      | Reached XP level 2. HP: 24/24 MP: 3/3
   865 | D:1      | Reached XP level 3. HP: 23/30 MP: 4/4
   957 | D:1      | Reached skill level 4 in Fighting
   965 | D:1      | Reached * piety under Lugonu
   979 | D:1      | Reached skill level 1 in Dodging
  1321 | D:1      | Upgraded the game from 0.19.0-20-gbc5f0c6 to 0.19.0-22-gd96e5fe
  1372 | D:2      | Reached XP level 4. HP: 35/37 MP: 5/5
  2338 | D:3      | Found an iron altar of Okawaru.
  2349 | D:3      | Reached XP level 5. HP: 42/42 MP: 6/6
  2422 | D:3      | You fall through a shaft for 3 floors!
  2473 | D:5      | Entered Level 5 of the Dungeon
  2607 | D:4      | Noticed an ogre
  2648 | D:5      | You fall through a shaft for 3 floors!
  2899 | D:8      | Noticed a yak
  2920 | D:8      | Noticed an orc warrior
  2921 | D:8      | Noticed a porcupine
  2921 | D:8      | Noticed a porcupine
  2922 | D:8      | You fall through a shaft!
  2922 | D:9      | Noticed a water moccasin
  2940 | D:10     | Entered Level 10 of the Dungeon
  2955 | D:10     | HP: 2/42 [poisoned by a water moccasin]
  2957 | D:10     | Succumbed to a water moccasin's poison

Skill      XL: |  1  2  3 |
---------------+----------+-----
Fighting       | 4 |  4.2
Dodging        | 1 |  1.3
Armour         | 3 |  3.4
Short Blades   | |  0.8
Polearms       | |  2.8
Invocations    | |  2.4

Action                   |  1- 3 |  4- 6 || total
-------------------------+-------+-------++-------
Melee: Spear             |   123 |    14 ||   137
       Dagger            |       |    93 ||    93
       Whip              |       |    24 ||    24
Invok: Depart the Abyss  |     1 |       ||     1
 Abil: Dig               |     9 |     4 ||    13
       Shaft Self        |       |     2 ||     2
  Use: Potion            |     1 |     1 ||     2
       Scroll            |       |    10 ||    10
  Eat: Chunk             |     5 |     2 ||     7
       Beef jerky        |       |     1 ||     1
       Bread ration      |       |     1 ||     1
Armor: Leather armour    |     1 |       ||     1
       Ring mail         |    29 |       ||    29
       Plate armour      |     9 |    81 ||    90
Dodge: Dodged            |    50 |    47 ||    97
